[Event "WSTCC-65 2024"]
[Site "Krakow"]
[Date "2024.07.03"]
[Round "2.19"]
[White "Gasik, Jadwiga"]
[Black "Scrimgour, Alan"]
[Result "0-1"]
[ECO "B22"]
[WhiteElo "1780"]
[BlackElo "1979"]
[Annotator "NA RC"]
[PlyCount "109"]
[EventDate "2024.07.01"]
[EventType "team-tourn"]
[EventCountry "POL"]
[SourceTitle "playchess.com"]
[Source "ChessBase"]
[SourceQuality "1"]
[TimeControl "40/5400+30:1800+30"]

1. e4 c5 2. c3 Nf6 3. e5 Nd5 4. d4 cxd4 5. cxd4 d6 6. Nf3 e6 7. Be2 Nc6 8. O-O Be7 9. Nbd2 O-O 10. Ne4 h6 11. a3 dxe5 12. dxe5 Qc7 13. Bd3 Nxe5 14. Nxe5 Qxe5 15. Qg4 f5 16. Qg3 Qxg3 17. Nxg3 Bd7 18. Re1 Kf7 19. Bc4 Bc6 20. Bd2 Bf6 21. Rab1 Rfe8 22. Re2 Nb6 23. Ba2 Bd5 24. b3 Rac8 25. Bb4 g5 26. h3 Bc3 27. Bxc3 Rxc3 28. Rbe1 Rec8 29. f3 R8c6 30. Rb2 Nd7 31. Ne2 Rc2 32. Rxc2 Rxc2 33. Bb1 Rd2 34. b4 Ba2 35. Nc3 Bxb1 36. Nxb1 Ra2 37. Rc1 Ra1 38. Kf2 Ke7 39. Ke3 Kd6 40. Rd1+ Kc7 41. Kd4 Ra2 42. Rd2 Rxd2+ 43. Nxd2 b5 44. Nb3 Kd6 45. Na5 e5+ 46. Kd3 Kd5 47. Ke3 Nb6 48. Kd3 f4 49. Kc3 e4 50. fxe4+ Kxe4 51. Nc6 a6 52. Nb8 Ke3 53. Nxa6 Nd5+ 54. Kc2 Kf2 55. Kd3 0-1

[Event "WSTCC-65 2024"]
[Site "Krakow"]
[Date "2024.07.03"]
[Round "2.20"]
[White "Marks, Ian A"]
[Black "Bartczak, Hanna"]
[Result "1/2-1/2"]
[ECO "E05"]
[WhiteElo "1932"]
[BlackElo "1639"]
[Annotator "NA RC"]
[PlyCount "94"]
[EventDate "2024.07.01"]
[EventType "team-tourn"]
[EventCountry "POL"]
[SourceTitle "playchess.com"]
[Source "ChessBase"]
[SourceQuality "1"]
[TimeControl "40/5400+30:1800+30"]

1. d4 d5 2. c4 e6 3. Nf3 Nf6 4. g3 dxc4 5. Bg2 Be7 6. O-O O-O 7. Qa4 Na6 8. Qxc4 c5 9. Nc3 cxd4 10. Nxd4 Qc7 11. Qxc7 Nxc7 12. Bf4 Ncd5 13. Nxd5 Nxd5 14. Rac1 Nxf4 15. gxf4 Rb8 16. Rfd1 Bf6 17. b3 Rd8 18. Nf3 Rxd1+ 19. Rxd1 b6 20. e4 Ba6 21. Ne5 Bxe5 22. fxe5 Kf8 23. Bf1 Bxf1 24. Kxf1 Ke7 25. Ke2 Rc8 26. h4 Rc2+ 27. Rd2 Rxd2+ 28. Kxd2 Kd7 29. Kc3 Kc6 30. Kc4 b5+ 31. Kd4 b4 32. Kc4 a5 33. Kd4 g6 34. f3 h6 35. f4 Kb5 36. Kd3 Kc5 37. Ke3 Kb5 38. Kd4 Kb6 39. Kc4 Kc6 40. Kd4 Kb5 41. Kd3 Kc5 42. Ke3 Kb5 43. Kd4 Kb6 44. Kc4 Kc6 45. Kd4 Kb5 46. Kd3 Kb6 47. Kc4 Kc6 1/2-1/2

[Event "WSTCC-65 2024"]
[Site "Krakow"]
[Date "2024.07.03"]
[Round "2.20"]
[White "Thoele, Wolfgang"]
[Black "Shaughnessy, Elizabeth"]
[Result "1/2-1/2"]
[ECO "B08"]
[WhiteElo "1890"]
[BlackElo "1642"]
[Annotator "NA RC"]
[PlyCount "32"]
[EventDate "2024.07.01"]
[EventType "team-tourn"]
[EventCountry "POL"]
[SourceTitle "playchess.com"]
[Source "ChessBase"]
[SourceQuality "1"]
[TimeControl "40/5400+30:1800+30"]

1. e4 d6 2. d4 Nf6 3. Nc3 g6 4. Nf3 Bg7 5. Be2 O-O 6. O-O Nbd7 7. h3 c5 8. Be3 cxd4 9. Bxd4 a6 10. Nh2 b5 11. a3 Bb7 12. Bf3 Rc8 13. Ng4 h5 14. Nxf6+ Nxf6 15. e5 Bxf3 16. Qxf3 Nd7 1/2-1/2

[Event "WSTCC-65 2024"]
[Site "Krakow"]
[Date "2024.07.03"]
[Round "2.21"]
[White "Thuesen, Mogens"]
[Black "Vilerte, Tamara"]
[Result "1-0"]
[ECO "A61"]
[WhiteElo "2158"]
[BlackElo "1971"]
[Annotator "RC"]
[PlyCount "75"]
[EventDate "2024.07.01"]
[EventType "team-tourn"]
[EventCountry "POL"]
[SourceTitle "playchess.com"]
[Source "ChessBase"]
[SourceQuality "1"]
[TimeControl "40/5400+30:1800+30"]

1. d4 Nf6 2. c4 c5 3. d5 e6 4. Nc3 exd5 5. cxd5 d6 6. Nf3 g6 7. Bf4 a6 8. a4 Bg7 9. e4 O-O 10. Be2 Nh5 11. Bg5 Qb6 12. Qc2 h6 13. Be3 Bg4 14. h3 Bxf3 15. Bxf3 Nf6 16. O-O Qc7 17. Be2 Nbd7 18. f4 b6 19. Qd2 Ne8 20. Rad1 Ra7 21. Bc4 Qb8 22. Qe2 Qc8 23. e5 dxe5 24. d6 exf4 25. Nd5 Kh7 26. Ne7 Qb8 27. Bxf4 Nef6 28. Nc6 Qb7 29. Nxa7 Qxa7 30. Bxa6 Re8 31. Qd3 Ne4 32. Bb5 f5 33. Qb3 Rf8 34. Qe6 Nef6 35. Rfe1 Rd8 36. Qc4 Ng8 37. Qf7 Ngf6 38. Re7 1-0

[Event "WSTCC-65 2024"]
[Site "Krakow"]
[Date "2024.07.03"]
[Round "2.21"]
[White "Carvalho, Herbert Abreu"]
[Black "McGill, Derek"]
[Result "1-0"]
[ECO "D31"]
[WhiteElo "2123"]
[BlackElo "1827"]
[Annotator "NA RC"]
[PlyCount "87"]
[EventDate "2024.07.01"]
[EventType "team-tourn"]
[EventCountry "POL"]
[SourceTitle "playchess.com"]
[Source "ChessBase"]
[SourceQuality "1"]
[TimeControl "40/5400+30:1800+30"]

1. d4 d5 2. c4 c6 3. Nc3 e6 4. Nf3 dxc4 5. a4 Bb4 6. e4 b5 7. Bd2 a5 8. axb5 Bxc3 9. Bxc3 cxb5 10. b3 Bb7 11. d5 Nf6 12. bxc4 b4 13. Bxf6 gxf6 14. Nd4 Qb6 15. Be2 Nd7 16. Bh5 Ke7 17. Bxf7 e5 18. Nf5+ Kxf7 19. Qh5+ Kf8 20. Qh6+ Ke8 21. Qg7 Kd8 22. Qxh8+ Kc7 23. d6+ Kc6 24. Qxh7 b3 25. O-O Qd8 26. Qh3 a4 27. Rfd1 Nc5 28. Ne7+ Kb6 29. Qc3 Ra5 30. Qb4+ Ka6 31. d7 Bxe4 32. Rd6+ Ka7 33. Nc8+ Ka8 34. Nb6+ Kb7 35. Nc8+ Ka8 36. Rb6 Nb7 37. Rxa4 Rxa4 38. Qxa4+ Kb8 39. Rxb3 Kc7 40. Nb6 Bc6 41. Na8+ Kd6 42. Rd3+ Ke7 43. Qxc6 Qxa8 44. d8=Q+ 1-0

[Event "WSTCC-65 2024"]
[Site "Krakow"]
[Date "2024.07.03"]
[Round "2.22"]
[White "Goldmane, Astra"]
[Black "Holst, Per"]
[Result "1/2-1/2"]
[ECO "C06"]
[WhiteElo "1989"]
[BlackElo "2073"]
[Annotator "NA RC"]
[PlyCount "32"]
[EventDate "2024.07.01"]
[EventType "team-tourn"]
[EventCountry "POL"]
[SourceTitle "playchess.com"]
[Source "ChessBase"]
[SourceQuality "1"]
[TimeControl "40/5400+30:1800+30"]

1. e4 e6 2. d4 d5 3. Nd2 Nf6 4. e5 Nfd7 5. Bd3 c5 6. c3 Nc6 7. Ne2 cxd4 8. cxd4 f6 9. exf6 Nxf6 10. O-O Bd6 11. Nf3 Qc7 12. Bg5 O-O 13. Rc1 Bd7 14. Ng3 Be8 15. Re1 h6 16. Bd2 Qf7 1/2-1/2

[Event "WSTCC-65 2024"]
[Site "Krakow"]
[Date "2024.07.03"]
[Round "2.22"]
[White "Lohan, Martin"]
[Black "Barreto, Ignacio C. de Barros"]
[Result "0-1"]
[ECO "A04"]
[WhiteElo "1826"]
[BlackElo "2059"]
[Annotator "NA RC"]
[PlyCount "66"]
[EventDate "2024.07.01"]
[EventType "team-tourn"]
[EventCountry "POL"]
[SourceTitle "playchess.com"]
[Source "ChessBase"]
[SourceQuality "1"]
[TimeControl "40/5400+30:1800+30"]

1. Nf3 g6 2. g3 Bg7 3. Bg2 e5 4. d3 Ne7 5. O-O O-O 6. Nbd2 c5 7. e4 Nbc6 8. a4 d6 9. Nc4 h6 10. c3 Be6 11. Be3 f5 12. Qe2 f4 13. Bd2 g5 14. Ne1 Qd7 15. f3 h5 16. Qf2 Ng6 17. Bh1 Rf7 18. h4 g4 19. fxg4 fxg3 20. Qxg3 Rxf1+ 21. Kxf1 Rf8+ 22. Ke2 hxg4 23. Bg5 Bf6 24. Nc2 Bxg5 25. hxg5 Qe7 26. N2e3 Nf4+ 27. Kd2 Qxg5 28. Nxd6 Nh5 29. Qg1 Nd4 30. Rf1 Nb3+ 31. Ke1 Rxf1+ 32. Nxf1 Qc1+ 33. Ke2 Nf4+ 0-1

[Event "WSTCC-65 2024"]
[Site "Krakow"]
[Date "2024.07.03"]
[Round "2.23"]
[White "Sonderstrup, Bjarne"]
[Black "Ungure, Liga"]
[Result "0-1"]
[ECO "E62"]
[WhiteElo "2011"]
[BlackElo "1970"]
[Annotator "NA RC"]
[PlyCount "64"]
[EventDate "2024.07.01"]
[EventType "team-tourn"]
[EventCountry "POL"]
[SourceTitle "playchess.com"]
[Source "ChessBase"]
[SourceQuality "1"]
[TimeControl "40/5400+30:1800+30"]

1. c4 Nf6 2. g3 g6 3. Bg2 Bg7 4. Nf3 O-O 5. O-O d6 6. d4 Nc6 7. Nc3 e5 8. d5 Ne7 9. Ne1 Nd7 10. Nd3 f5 11. e4 Nc5 12. Nxc5 dxc5 13. Be3 b6 14. d6 cxd6 15. Bg5 Bb7 16. Nd5 Bxd5 17. Bxe7 Qxe7 18. Qxd5+ Kh8 19. exf5 gxf5 20. Qxa8 Rxa8 21. Bxa8 e4 22. Rab1 Bd4 23. Rfe1 Qg5 24. Re2 h5 25. Rbe1 h4 26. Kg2 Qg4 27. Bxe4 h3+ 28. Kf1 fxe4 29. Rxe4 Qf3 30. Re8+ Kh7 31. R1e7+ Kh6 32. Re6+ Kh5 0-1

[Event "WSTCC-65 2024"]
[Site "Krakow"]
[Date "2024.07.03"]
[Round "2.23"]
[White "Moyses Sobrinho, Elias"]
[Black "McMahon, Frank"]
[Result "1/2-1/2"]
[ECO "D09"]
[WhiteElo "1908"]
[BlackElo "1818"]
[Annotator "NA RC"]
[PlyCount "65"]
[EventDate "2024.07.01"]
[EventType "team-tourn"]
[EventCountry "POL"]
[SourceTitle "playchess.com"]
[Source "ChessBase"]
[SourceQuality "1"]
[TimeControl "40/5400+30:1800+30"]

1. d4 d5 2. c4 e5 3. dxe5 d4 4. Nf3 Nc6 5. g3 Be6 6. Qa4 Qd7 7. Bg2 O-O-O 8. O-O Kb8 9. Bg5 Be7 10. Nbd2 Nxe5 11. Qxd7 Nxf3+ 12. Nxf3 Rxd7 13. Bxe7 Nxe7 14. Ne5 Rdd8 15. Rac1 f6 16. Nd3 h5 17. Nc5 Bc8 18. Rfd1 b6 19. Nd3 h4 20. c5 hxg3 21. hxg3 Bb7 22. Nf4 Bxg2 23. Kxg2 Rh7 24. cxb6 axb6 25. Ne6 Rdh8 26. Rxd4 c5 27. Rd7 g5 28. Rcd1 Rh2+ 29. Kf3 Nc6 30. Rg7 Ne5+ 31. Ke3 Ng4+ 32. Kf3 Ne5+ 33. Ke4 1/2-1/2

[Event "WSTCC-65 2024"]
[Site "Krakow"]
[Date "2024.07.03"]
[Round "2.24"]
[White "Priedite, Ingrida"]
[Black "Andersson, Finn"]
[Result "1-0"]
[ECO "A22"]
[WhiteElo "2044"]
[BlackElo "1824"]
[Annotator "NA RC"]
[PlyCount "97"]
[EventDate "2024.07.01"]
[EventType "team-tourn"]
[EventCountry "POL"]
[SourceTitle "playchess.com"]
[Source "ChessBase"]
[SourceQuality "1"]
[TimeControl "40/5400+30:1800+30"]

1. c4 e5 2. Nc3 Nf6 3. g3 d6 4. Bg2 Be7 5. e3 O-O 6. Nge2 Nc6 7. O-O a5 8. d4 exd4 9. exd4 Bf5 10. Bf4 Qd7 11. Qd2 Bh3 12. Rfe1 Bxg2 13. Kxg2 d5 14. b3 Rfe8 15. Red1 Nd8 16. Qd3 c6 17. Na4 Ra6 18. c5 Ne4 19. Nec3 f5 20. Re1 Rf8 21. Nb6 Rxb6 22. cxb6 Nxc3 23. Qxc3 Bb4 24. Qe3 Bxe1 25. Rxe1 Kf7 26. Qd2 Ne6 27. Be5 Kg8 28. Qxa5 f4 29. f3 fxg3 30. hxg3 Ng5 31. Rh1 Nxf3 32. Qc3 Ng5 33. Qe3 Qf5 34. Qe2 Qe4+ 35. Qxe4 Nxe4 36. Rc1 Rc8 37. Bc7 Kf7 38. Rxc6 bxc6 39. b7 Re8 40. b8=Q Rxb8 41. Bxb8 Nc3 42. a4 Ke6 43. Kf3 h5 44. Kf4 g6 45. Kg5 Kf7 46. a5 Ne4+ 47. Kf4 Nf6 48. a6 Nd7 49. Bc7 1-0

[Event "WSTCC-65 2024"]
[Site "Krakow"]
[Date "2024.07.03"]
[Round "2.24"]
[White "O`Sullivan, Tom"]
[Black "Vieira, Alexandre Letizio"]
[Result "0-1"]
[ECO "D35"]
[WhiteElo "1715"]
[BlackElo "1825"]
[Annotator "NA RC"]
[PlyCount "125"]
[EventDate "2024.07.01"]
[EventType "team-tourn"]
[EventCountry "POL"]
[SourceTitle "playchess.com"]
[Source "ChessBase"]
[SourceQuality "1"]
[TimeControl "40/5400+30:1800+30"]

1. d4 d5 2. c4 e6 3. Nc3 Nf6 4. cxd5 Nxd5 5. e4 Nxc3 6. bxc3 c5 7. Be3 cxd4 8. Bxd4 Nc6 9. Bb5 Bd7 10. Ne2 Qg5 11. Bxc6 Bxc6 12. Ng3 Rd8 13. Qc2 h5 14. O-O h4 15. f4 Qg4 16. Qe2 Qxe2 17. Nxe2 Bxe4 18. Bxa7 Rd2 19. Rf2 Bd6 20. Be3 Rc2 21. Bd4 f6 22. Bb6 Ke7 23. Ba5 Ra8 24. Bb4 Bxb4 25. cxb4 Raxa2 26. Rxa2 Rxa2 27. Nc3 Ra1+ 28. Rf1 Rxf1+ 29. Kxf1 Bd5 30. Kf2 Kd6 31. g3 hxg3+ 32. hxg3 e5 33. Ke3 g5 34. f5 g4 35. Nb5+ Kd7 36. Nc3 Kc6 37. Kd3 Kd6 38. Nb5+ Kd7 39. Nc3 Bc6 40. Ke3 b5 41. Kd3 Ke7 42. Nd1 Kf7 43. Ne3 Bf3 44. Nf1 Kg7 45. Nh2 Kh6 46. Nf1 Kg5 47. Ne3 Bc6 48. Ke2 Bd7 49. Nd5 Kxf5 50. Ke3 Ke6 51. Nc3 Bc6 52. Kd3 f5 53. Ke3 Kf6 54. Ne2 Bd5 55. Nc3 Bc4 56. Nd1 Kg5 57. Nf2 f4+ 58. gxf4+ exf4+ 59. Ke4 Bf1 60. Kd4 g3 61. Ne4+ Kh4 62. Nd2 Be2 63. Kc3 0-1